AoeStats
← MagicMind

Arena

506538378Analyzed
3v3 RM · 19d ago on Sep 14, 2026· 53m 20s· 6 players
Game mode
Random Map
Map size
Normal (6 player)
Population
200
Speed
Normal
Resources
Standard
Victory
Conquest
Starting age
Dark Age
Ending age
Imperial Age
RankedLock teamsTeams togetherTeam positionsShared explorationLock speedFull tech treeHidden civsTurbo modeCheats
Victory
Defeat
🇧🇷 Saracens · Brazil
1026
+15
🇪🇸 Hindustanis · Spain
996
+16
🇨🇱 Vietnamese · Chile
972
+17
🇨🇦 Magyars · Canada
1013
-17
🇨🇦 Celts · Canada
992
-16
🇨🇦 Portuguese · Canada
972
-15
Pool
10:40 Feudal Age
14:45 Castle Age
13:19 Double-Bit Axe
13:26 Horse Collar
16:04 Bow Saw
22:48 Wheelbarrow
22:01 Loom
22:57 Heavy Plow
23:36 Hand Cart
28:58 Imperial Age
26:15 Town Watch
26:44 Scale Barding Armor
26:59 Fletching
27:09 Padded Archer Armor
27:07 Murder Holes
27:07 Gold Mining
28:44 Chain Barding Armor
28:19 Bodkin Arrow
28:54 Leather Archer Armor
28:58 Stone Mining
29:12 Husbandry
29:23 Bloodlines
28:34 Light Cavalry
31:43 Bracer
31:51 Thumb Ring
32:50 Chemistry
32:01 Capped Ram
33:13 Ballistics
34:08 Parthian Tactics
34:13 Hussar
35:59 Conscription
36:50 Ring Archer Armor
37:10 Siege Engineers
36:33 Onager
37:54 Corvinian Army
40:53 Plate Barding Armor
driplord
11:50 Feudal Age
13:01 Double-Bit Axe
17:00 Castle Age
20:44 Bow Saw
20:52 Stone Mining
24:05 Scale Barding Armor
29:12 Husbandry
32:15 Imperial Age
30:20 Bloodlines
30:35 Forging
31:04 Gold Mining
32:45 Cavalier
34:55 Chain Barding Armor
37:24 Chemistry
37:31 Plate Barding Armor
39:21 Pikeman
41:06 Iron Casting
41:14 Halberdier
44:26 Blast Furnace
44:33 Scale Mail Armor
46:00 Chain Mail Armor
47:42 Plate Mail Armor
49:20 Conscription
52:49 Elite Organ Gun
Lord_Shneez
11:23 Feudal Age
12:24 Horse Collar
13:55 Loom
16:32 Castle Age
15:14 Double-Bit Axe
17:13 Man-at-Arms
20:10 Bow Saw
22:32 Town Watch
23:28 Wheelbarrow
24:48 Gold Mining
27:55 Gold Shaft Mining
27:14 Stone Mining
26:48 Long Swordsman
27:15 Gambesons
27:17 Arson
29:50 Hand Cart
29:40 Town Patrol
32:53 Imperial Age
30:42 Forging
30:39 Scale Mail Armor
32:06 Stone Shaft Mining
33:20 Fortified Wall
34:06 Iron Casting
33:46 Chain Mail Armor
32:58 Two-Handed Swordsman
33:05 Capped Ram
34:13 Furor Celtica
34:10 Stronghold
34:23 Siege Ram
37:09 Champion
38:55 Blast Furnace
38:26 Plate Mail Armor
40:55 Conscription
40:41 Onager
41:57 Fletching
45:30 Chemistry
44:44 Masonry
44:40 Siege Engineers
44:49 Masonry
45:01 Ballistics
44:10 Elite Skirmisher
44:56 Bodkin Arrow
45:02 Padded Archer Armor
44:58 Pikeman
46:15 Murder Holes
50:00 Halberdier
51:27 Siege Onager
MagicMind
0:30 Loom
0:48 Loom
11:55 Feudal Age
13:22 Wheelbarrow
17:58 Castle Age
15:58 Horse Collar
16:41 Double-Bit Axe
17:55 Gold Mining
19:26 Stone Mining
20:39 Hand Cart
21:56 Town Watch
24:01 Gold Shaft Mining
24:17 Heavy Plow
29:47 Imperial Age
27:12 Pikeman
28:27 Sanctity
28:20 Bow Saw
28:23 Squires
29:00 Scale Mail Armor
30:15 Fortified Wall
31:36 Chemistry
32:00 Conscription
31:56 Town Patrol
34:20 Forging
35:18 Chain Mail Armor
36:43 Iron Casting
42:37 Scale Barding Armor
44:09 Chain Barding Armor
43:49 Light Cavalry
44:42 Bloodlines
48:25 Plate Barding Armor
50:41 Elite Skirmisher
52:47 Hussar
Necropulpectomía
0:27 Loom
11:23 Feudal Age
13:00 Wheelbarrow
17:32 Castle Age
16:13 Double-Bit Axe
16:15 Horse Collar
18:56 Hand Cart
19:44 Bow Saw
20:06 Heavy Plow
23:41 Stone Mining
23:51 Gold Mining
30:18 Imperial Age
32:11 Two-Man Saw
31:48 Stone Shaft Mining
31:45 Crop Rotation
31:39 Paper Money
32:48 Chemistry
32:10 Ballistics
33:16 Fletching
33:27 Padded Archer Armor
33:50 Thumb Ring
34:02 Bodkin Arrow
33:46 Elite Rattan Archer
36:42 Bracer
39:08 Leather Archer Armor
39:41 Fortified Wall
39:48 Siege Engineers
39:26 Treadmill Crane
40:08 Bombard Tower
42:43 Hoardings
46:55 Scale Barding Armor
47:01 Forging
47:24 Ring Archer Armor
48:46 Town Watch
49:25 Chain Barding Armor
49:41 Iron Casting
49:28 Elite Battle Elephant
50:10 Husbandry
50:20 Bloodlines
51:24 Plate Barding Armor
52:22 Chatras
DKT | Blackbelt
10:57 Feudal Age
12:24 Wheelbarrow
11:46 Double-Bit Axe
11:41 Horse Collar
12:39 Loom
17:22 Castle Age
16:04 Stone Mining
17:07 Fletching
17:20 Padded Archer Armor
25:09 Hand Cart
25:19 Bow Saw
25:37 Heavy Plow
28:52 Ballistics
28:29 Bodkin Arrow
28:49 Leather Archer Armor
28:53 Gold Mining
28:50 Crossbowman
30:09 Thumb Ring
33:14 Imperial Age
31:50 Leather Archer Armor
30:59 Pikeman
31:39 Squires
31:25 Arson
31:43 Scale Mail Armor
31:38 Elite Skirmisher
33:56 Gold Shaft Mining
33:16 Arbalester
33:17 Imperial Skirmisher
33:59 Bracer
34:29 Ring Archer Armor
35:10 Conscription
36:13 Chemistry
36:04 Forging
38:03 Iron Casting
37:43 Chain Mail Armor
Connection lost

Rejoining the realm…

Still unreachable

The connection could not be restored.

Session expired

The server has moved on; the page needs a fresh start.